Map: Ruins of Seras

Players

Tdizzle - Winner!

  • Race: Protoss Protoss
  • League: Grandmaster

CaptRaynor

  • Race: Zerg Zerg
  • League: Grandmaster

VOD

Have the link to the VOD?

Description

Time

  • Played on: Aug. 13, 2015, 8:18 p.m.
  • Length: 30:53
Show
View Real Time Build Order
Export as new Build Order

Tdizzle Protoss - Winner!

Build Orders:  

Get SALT Encoding   

  12  0:04  Probe  
  13  0:15  Pylon  
  13  0:19  Probe  
  14  0:34  Gateway  
  14  0:39  Probe  
  15  0:50  Gateway  
  15  0:52  Probe  
  16  1:00  Assimilator  
  16  1:11  Pylon  
  16  1:12  Probe (Chrono Boost)  
  17  1:22  Assimilator  
  17  1:23  Probe (Chrono Boost)  
  18  1:30  Probe (Chrono Boost)  
  19  1:38  Cybernetics Core  
  19  1:43  Probe (Chrono Boost)  
  20  1:52  Probe (Chrono Boost)  
  21  2:03  Probe (Chrono Boost)  
  22  2:08  Pylon  
  22  2:14  Probe (Chrono Boost)  
  25  2:15  Adept  
  25  2:25  Gateway  
  25  2:30  Pylon  
  25  2:33  Warp Gate (Chrono Boost)  
  25  2:38  Probe  
  25  2:41  Adept (Chrono Boost)  
  30  2:50  Adept (Chrono Boost)  
  30  3:07  Mothership Core  
  32  3:19  Nexus  
  32  3:28  Pylon  
  32  3:48  Twilight Council  
  32  3:52  Zealot  
  32  3:53  Zealot x2  
  34  4:45  Charge (Chrono Boost)  
  34  4:54  Probe, Forge  
  34  4:59  Robotics Facility  
  35  5:02  Zealot x2  
  35  5:03  Zealot  
  35  5:06  Probe  
  42  5:24  Gateway  
  42  5:28  Protoss Ground Weapons Level 1 (Chrono Boost)  
  42  5:32  Zealot  
  42  5:33  Zealot x2  
  48  5:36  Probe (Chrono Boost)  
  49  5:46  Probe (Chrono Boost)  
  49  5:49  Robotics Bay  
  50  5:55  Probe (Chrono Boost)  
  51  6:00  Zealot x2  
  51  6:02  Zealot  
  58  6:05  Probe (Chrono Boost)  
  59  6:11  Observer  
  59  6:21  Photon Cannon  
  59  6:29  Photon Cannon  
  59  6:35  Pylon  
  59  6:39  Forge  
  35  6:52  Zealot x2  
  35  6:53  Zealot x2  
  46  7:02  Protoss Ground Armor Level 1 (Chrono Boost)  
  46  7:04  Disruptor (Chrono Boost)  
  46  7:16  Dark Shrine  
  46  7:27  Protoss Shields Level 1 (Chrono Boost)  
  46  7:28  Zealot  
  46  7:29  Zealot  
  50  7:30  Adept  
  50  7:31  Adept  
  54  7:40  Probe (Chrono Boost)  
  55  7:49  Probe (Chrono Boost)  
  56  7:56  Warp Prism  
  56  7:57  Probe, Disruptor  
  59  8:08  Photon Cannon  
  59  8:09  Probe  
  59  8:11  Photon Cannon  
  60  8:21  Probe  
  49  8:41  Colossus  
  46  8:50  Dark Templar x2  
  50  8:56  Assimilator  
  50  8:59  Dark Templar  
  52  9:07  Assimilator  
  52  9:09  Pylon  
  52  9:45  Zealot  
  52  9:46  Zealot x2  
  52  9:47  Zealot  
  60  10:08  Dark Templar x3  
  60  10:09  Dark Templar  
  68  10:41  Zealot  
  68  10:42  Zealot x2  
  74  10:43  Zealot  
  62  11:03  Dark Templar  
  62  11:04  Dark Templar  
  64  11:05  Dark Templar  
  64  11:11  Observer (Chrono Boost)  
  52  11:27  Dark Templar  
  47  11:45  Nexus  
  47  12:33  Zealot  
  47  12:34  Zealot x2  
  47  13:26  Pylon  
  47  13:45  Pylon  
  47  13:49  Nexus  
  47  13:57  Photon Cannon  
  47  14:00  Photon Cannon  
  47  14:01  Assimilator  
  47  14:05  Pylon  
  47  14:11  Zealot  
  49  14:33  Photon Cannon  
  49  14:36  Photon Cannon  
  49  15:17  Assimilator  
  49  15:40  Zealot  
  49  15:41  Zealot x3  
  57  15:43  Probe  
  57  15:55  Probe  
  57  16:06  Photon Cannon  
  57  16:09  Pylon  
  57  16:15  Archon x3  
  57  16:35  Probe  
  57  16:39  Dark Templar x3  
  64  16:40  Dark Templar  
  64  16:46  Pylon  
  66  16:47  Probe  
  66  17:10  Photon Cannon  
  65  17:17  Photon Cannon  
  65  17:24  Archon  
  65  17:25  Archon  
  65  17:27  Dark Templar  
  65  17:28  Dark Templar  
  65  17:29  Dark Templar  
  71  17:35  Archon  
  71  17:50  Pylon  
  71  17:58  Dark Templar  
  71  18:02  Stalker x2  
  71  18:03  Stalker  
  71  18:05  Archon  
  77  18:40  Pylon  
  77  19:15  Nexus  
  77  19:18  Photon Cannon  
  77  19:23  Photon Cannon  
  77  19:26  Photon Cannon  
  75  19:47  Photon Cannon  
  75  19:49  Photon Cannon  
  75  19:52  Photon Cannon  
  75  20:58  Pylon x2  
  75  20:59  Photon Cannon  
  69  21:57  Probe (Chrono Boost)  
  70  22:03  Pylon  
  70  22:07  Probe (Chrono Boost)  
  71  22:20  Pylon  
  71  22:26  Forge  
  71  22:58  Probe  
  72  23:00  Photon Cannon  
  72  23:04  Photon Cannon  
  72  23:10  Probe, Pylon  
  73  23:24  Nexus  
  73  23:28  Photon Cannon  
  73  23:31  Photon Cannon  
  73  23:36  Pylon  
  73  23:39  Pylon  
  73  23:52  Pylon  
  72  24:09  Cybernetics Core  
  72  24:11  Zealot  
  72  24:12  Zealot  
  76  24:38  Photon Cannon  
  76  24:40  Probe  
  76  24:41  Photon Cannon  
  77  24:46  Photon Cannon  
  77  24:50  Pylon  
  77  24:52  Probe, Photon Cannon  
  78  25:30  Probe (Chrono Boost)  
  79  25:36  Assimilator  
  79  25:42  Probe (Chrono Boost)  
  80  25:44  Twilight Council  
  81  25:50  Probe (Chrono Boost)  
  81  25:52  Pylon  
  81  25:59  Probe  
  82  26:12  Gateway  
  82  26:17  Gateway  
  82  26:21  Pylon  
  82  26:27  Stalker  
  82  26:31  Photon Cannon  
  84  27:26  Gateway  
  84  27:30  Gateway  
  84  27:42  Stalker  
  84  27:43  Stalker  
  87  27:44  Stalker  
  87  27:51  Photon Cannon  
  87  28:14  Probe  
  87  28:16  Protoss Shields Level 2 (Chrono Boost)  
  88  28:24  Pylon  
  88  28:26  Probe  
  89  28:35  Templar Archives  
  89  28:39  Gateway  
  88  28:44  Pylon  
  87  28:59  Stalker x3  
  87  29:00  Stalker  
  87  29:01  Stalker  
  97  29:14  Photon Cannon  
  97  29:25  High Templar x3  
  97  29:26  High Templar  
  97  29:30  Archon x2  
  105  29:58  Dark Shrine  
  105  30:01  Photon Cannon  
  105  30:11  High Templar x2  
  105  30:12  High Templar x3  
  105  30:13  High Templar  
  117  30:20  Archon  
  117  30:21  Archon x2  
Show
View Real Time Build Order
Export as new Build Order

CaptRaynor Zerg 

Build Orders: Pool First, Lurkers 

Get SALT Encoding   

  12  0:01  Drone  
  13  0:13  Overlord  
  13  0:18  Drone  
  14  0:40  Spawning Pool  
  14  0:41  Drone x2  
  15  0:48  Drone  
  16  0:56  Drone  
  17  1:03  Overlord  
  17  1:13  Drone  
  18  1:27  Queen  
  18  1:29  Drone  
  21  1:43  Hatchery  
  21  1:44  Drone  
  21  1:46  Drone  
  22  1:58  Drone  
  23  2:03  Queen  
  25  2:12  Drone  
  26  2:17  Overlord  
  26  2:21  Extractor  
  25  2:33  Extractor  
  24  2:48  Zergling x2  
  24  2:49  Zergling x8  
  29  2:59  Drone x2  
  31  3:09  Drone x2  
  33  3:16  Drone  
  33  3:17  Drone x3  
  33  3:19  Queen  
  39  3:28  Drone  
  39  3:29  Drone x2  
  42  3:36  Overlord  
  42  3:43  Queen  
  44  3:56  Queen  
  44  4:00  Zergling x12  
  50  4:14  Drone x4  
  50  4:44  Drone x2  
  52  4:45  Overlord  
  52  4:46  Overlord x3  
  52  4:59  Lair  
  52  5:03  Hatchery  
  52  5:04  Baneling Nest  
  50  5:14  Overlord  
  50  5:15  Overlord x2  
  50  5:17  Drone x4  
  50  5:20  Zergling x4  
  50  5:21  Zergling x2  
  57  5:56  Extractor  
  56  6:07  Baneling x7  
  56  6:08  Baneling x7  
  56  6:09  Baneling x7  
  56  6:10  Baneling x6  
  56  6:11  Baneling  
  56  6:17  Drone x4  
  56  6:18  Drone x2  
  62  6:22  Roach Warren  
  62  6:24  Queen  
  63  6:35  Drone x5  
  63  6:36  Drone x3  
  55  6:55  Zergling x2  
  55  6:56  Zergling x14  
  63  7:06  Drone x3  
  63  7:07  Drone  
  67  7:19  Hydralisk Den  
  66  7:32  Centrifical Hooks  
  66  7:34  Lurker Den  
  66  7:36  Drone x5  
  66  7:37  Drone x3  
  72  7:38  Drone  
  72  7:40  Extractor  
  74  7:53  Hydralisk x2  
  74  7:54  Hydralisk x8  
  74  7:58  Zergling x4  
  96  8:23  Roach x4  
  96  8:24  Roach x5  
  111  9:00  Roach  
  111  9:01  Overlord  
  111  9:02  Overlord x7  
  113  9:03  Overlord  
  113  9:05  Hatchery  
  113  9:07  Muscular Augments  
  112  9:41  Lurker x5  
  117  9:49  Zergling x24  
  117  9:50  Zergling x26  
  131  10:27  Overseer x6  
  129  10:31  Roach  
  131  10:38  Extractor  
  73  11:07  Zergling x20  
  76  11:34  Zergling x14  
  72  11:47  Lair  
  66  11:53  Zergling x2  
  66  11:54  Zergling x2  
  65  11:59  Spawning Pool  
  64  12:05  Zergling x2  
  64  12:06  Zergling x4  
  27  12:57  Zergling x6  
  30  12:58  Queen  
  30  13:02  Spire  
  31  13:23  Spire  
  30  13:28  Spine Crawler  
  28  13:34  Drone x2, Queen  
  28  13:35  Drone  
  33  13:53  Extractor  
  32  13:59  Roach Warren  
  32  14:00  Drone x3  
  32  14:01  Drone  
  35  14:14  Queen  
  35  14:16  Hatchery  
  36  14:47  Mutalisk x7  
  36  14:52  Queen  
  52  15:16  Extractor  
  51  15:25  Mutalisk x2  
  51  15:26  Mutalisk x3  
  61  15:39  Drone x2  
  63  15:58  Extractor  
  62  16:35  Nydus Network  
  61  16:46  Roach x5  
  75  16:47  Roach x2  
  75  16:58  Drone x6  
  79  17:33  Mutalisk x3  
  79  17:34  Mutalisk x3  
  91  17:47  Zergling x4  
  91  17:48  Zergling x6  
  96  18:33  Nydus Canal  
  79  19:14  Zergling x12  
  85  19:42  Drone x4  
  80  20:20  Nydus Canal  
  70  21:05  Drone x3  
  30  21:52  Hatchery  
  29  21:58  Drone x3  
  32  22:08  Spawning Pool  
  32  22:14  Drone  
  32  22:37  Hatchery  
  31  22:58  Extractor  
  31  23:01  Lair  
  30  23:21  Spawning Pool  
  29  23:27  Zergling x8  
  29  23:28  Zergling x20  
  43  23:50  Nydus Canal  
  43  24:09  Lair  
  42  24:28  Roach Warren  
  41  25:12  Drone x2  
  41  25:13  Drone  
  44  25:18  Spire  
  43  25:31  Queen  
  45  25:47  Drone x3  
  46  26:30  Mutalisk x7  
  35  27:11  Mutalisk x3  
  39  27:31  Drone  
  40  28:10  Drone  
  40  28:11  Drone x6  
  47  28:52  Hatchery  
  46  29:07  Roach x3  
  50  29:38  Drone x2  
  50  29:58  Queen  
  52  30:10  Hydralisk Den  
  52  30:12  Drone x4  
  52  30:13  Queen  
Tags
 
Add a new tag
Caveats
  • Supply blocks, unpowered buildings, or Contaminate may cause inaccurate times.
  • Supply counts are checked every 10 seconds.